 Dungeon Crawl Stone Soup version 0.31-a0-222-gefeffbb62a (webtiles) character file.

Game seed: 7976849462729223513

115 Edyrem the Sneak (level 5, -7/32 HPs)
             Began as a Kobold Brigand on July 6, 2023.
             Mangled by a gnoll
             ... wielding a +2 halberd of venom
              (12 damage)
             ... on level 3 of the Dungeon.
             The game lasted 00:03:50 (1946 turns).

Edyrem the Sneak (Kobold Brigand)                   Turns: 1946, Time: 00:03:51

Health: -7/32      AC:  5    Str:  8    XL:     5   Next: 20%
Magic:  5/5        EV: 15    Int: 12    God:
Gold:   159        SH:  0    Dex: 19    Spells: 4/4 levels left

rFire   . . .        a - +2 dagger
rCold   . . .        (no shield)
rNeg    + . .        l - +1 robe {rN+}
rPois   .            (no helmet)
rElec   .            c - +1 cloak
rCorr   .            (no gloves)
SInv    .            (no boots)
Will    .....        (no amulet)
Stlth   ++++         (no ring)
HPRegen 0.25/turn    (no ring)
MPRegen 0.09/turn

%: no passive effects
@: lethally poisoned (-7 -> -19)
A: small, no large weapons, nightstalker 3
a: no special abilities


You were on level 3 of the Dungeon.
You visited 1 branch of the dungeon, and saw 3 of its levels.

You collected 159 gold pieces.

Inventory:

Hand Weapons
 a - a +2 dagger (weapon)
Missiles
 d - 9 poisoned darts (quivered)
 e - 3 curare-tipped darts
Armour
 c - a +1 cloak (worn)
 l - a +1 robe of positive energy (worn)
Wands
 q - a wand of digging (4)
Potions
 b - a potion of enlightenment {unknown}
 f - 3 potions of attraction
 g - 3 potions of curing {@q2}
 h - a potion of might
 i - a potion of lignification {unknown}
 k - a potion of heal wounds {unknown}
 m - a potion of mutation {unknown}


   Skills:
 + Level 3.1 Fighting
 * Level 4.6 Short Blades
 - Level 2.1 Throwing
 + Level 2.6 Dodging
 + Level 6.1 Stealth


You had 4 spell levels left.
You didn't know any spells.
Your spell library contained the following spells:

 Spells                   Type           Power      Damage    Failure   Level
 Necrotise                Necr           0%         1d4       32%         1
 Vampiric Draining        Necr           0%         2d6       69%         3
 Agony                    Necr           0%         N/A       100%        5


Dungeon Overview and Level Annotations

Branches:
Dungeon (3/15)

Altars:


Innate Abilities, Weirdness & Mutations

You are small and have problems with some larger weapons.
You are completely attuned to the shadows.


Message History

You hit the gnoll.
The gnoll is severely wounded.
The gnoll hits you with a +0 whip. The gnoll misses you.
The gnoll misses you. x2
You hit the gnoll.
The gnoll is lightly wounded.
The gnoll hits you with a +0 whip. The gnoll closely misses you.
You closely miss the gnoll.
The gnoll is lightly wounded.
The gnoll completely misses you. The gnoll misses you.
You hit the gnoll.
The gnoll is lightly wounded.
The gnoll barely misses you. The gnoll closely misses you.
You hit the gnoll but do no damage.
The gnoll is lightly wounded.
You completely miss the gnoll.
The gnoll is lightly wounded.
The gnoll hits you with a +0 whip. The gnoll misses you.
You hit the gnoll.
The gnoll is lightly wounded.
The gnoll misses you. The gnoll completely misses you.
You hit the gnoll.
The gnoll is moderately wounded.
The gnoll misses you.
The gnoll hits you with a +2 halberd of venom!
You are lethally poisoned!
You closely miss the gnoll.
The gnoll is moderately wounded.
You feel very sick.
You hit the gnoll. Your punch misses the gnoll.
The gnoll is heavily wounded.
* * * LOW HITPOINT WARNING * * *
You feel very sick. The gnoll barely misses you. The gnoll misses you.
You hit the gnoll but do no damage.
The gnoll is heavily wounded.
* * * LOW HITPOINT WARNING * * *
You feel sick. The gnoll barely misses you.
The gnoll hits you with a +2 halberd of venom!
You die...

........####.#.#
#8##.##8##8
.######...>....### #
#.###### .#
#..###...)...
8.8#.... .# ##.##
##...... ##.##..).
#####.># #.........
#.... ......##
##.....#.. #....
...#### #........#
###.# ##.###
##....g..# #.# #...#
####.....@g.# #.#
####.###....#......#
#.#
####.#...#####...#.##
#.# .......###
##.##..# #.# .#.#.###
#.....# #.# .#...#
##...... #.# .##..#
#....... #####.#
.##... #.......
......# ## #.......
#####.#


You could see 2 gnolls.

Vanquished Creatures
  An orc priest (D:3)
  Jessica (D:3)
  An adder (D:3)
  A gnoll (D:3)
  2 dart slugs (D:3)
  3 orcs (D:3)
  3 endoplasms
  A giant cockroach (D:2)
  3 goblins
  2 hobgoblins
  4 quokkas (D:1)
  2 ball pythons
  2 bats (D:1)
  3 frilled lizards
  5 kobolds
  5 rats
39 creatures vanquished.

Notes
Turn   | Place    | Note
-------+----------+-------------------------------------------
     0 | D:1      | Edyrem the Kobold Brigand began the quest for the Orb.
     0 | D:1      | Reached XP level 1. HP: 12/12 MP: 1/1
   151 | D:1      | Reached XP level 2. HP: 18/18 MP: 2/2
   890 | D:2      | Reached XP level 3. HP: 22/22 MP: 3/3
  1389 | D:3      | Noticed Jessica
  1414 | D:3      | Killed Jessica
  1415 | D:3      | Reached XP level 4. HP: 17/27 MP: 4/4
  1585 | D:3      | Found a faded altar of an unknown god.
  1739 | D:3      | Reached skill level 6 in Stealth
  1739 | D:3      | Reached XP level 5. HP: 21/32 MP: 5/5
  1946 | D:3      | Mangled by a gnoll

Illustrated notes

Levels and vault maps discovered:
D:1:      lemuel_arrival_muddy, layout_rooms
D:2:      layout_loops_ring, corexii_item_surrounded_by_moat
D:3:      layout_rooms, shapermc_ecumenical_altar_hornbeckon, dk_noncrumbling_2,
          uniq_robin, uniq_jessica

Skill      XL: |  1  2  3  4 |
---------------+-------------+-----
Short Blades   | 3 4 |  4.6
Dodging        | 2 |  2.6
Fighting       | 3 |  3.1
Stealth        | 6 |  6.1
Throwing       | |  2.1

Action                     |  1- 3 |  4- 6 || total
---------------------------+-------+-------++-------
  Melee: Dagger            |    77 |    47 ||   124
         Punch             |       |     1 ||     1
    Use: Scroll            |     5 |     2 ||     7
   Stab: Sleeping          |    14 |     2 ||    16
 Armour: Robe              |     7 |     2 ||     9
         Leather armour    |     8 |       ||     8
  Dodge: Dodged            |    33 |    29 ||    62

Table legend: (Time is in decaauts)
 A = Elapsed time spent in this place.
 B = Non-inter-level travel time spent in this place.
 C = Inter-level travel time spent in this place.
 D = Time resting spent in this place.
 E = Time spent auto-exploring this place.
 F = Levels seen in this place.
 G = Mean time per level.
                   A        B        C        D        E       F      G
               +--------+--------+--------+--------+--------+-----+--------+
         Total |   1933 |   1893 |     40 |     41 |   1541 |   3 |  644.3 |
       Dungeon |   1933 |   1893 |     40 |     41 |   1541 |   3 |  644.3 |
               +--------+--------+--------+--------+--------+-----+--------+

Top non-repeatable levels by time:
     D:2: 668 daAuts
     D:1: 664 daAuts
     D:3: 600 daAuts
